 Dungeon Crawl Stone Soup version 0.27-a0-419-g7a85846853 (webtiles) character file.

Game seed: 9741960316750838507

28 Chiseanne the Magician (level 3, 28/28 HPs)
             Began as a Demonspawn Wanderer on Feb 26, 2021.
             Quit the game on level 2 of the Dungeon.
             The game lasted 00:01:53 (1297 turns).

Chiseanne the Magician (Demonspawn Wanderer)        Turns: 1297, Time: 00:01:53

Health: 28/28      AC:  8    Str: 14    XL:     3   Next: 0%
Magic:  7/7        EV:  6    Int: 12    God:
Gold:   94         SH:  0    Dex: 12    Spells: 8/8 levels left

rFire    . . .     SeeInvis .   a - +1 spear (flame)
rCold    . . .     Faith    .   (no shield)
rNeg     . . .     Spirit   .   f - +0 chain mail
rPois    .         Reflect  .   (helmet restricted)
rElec    .         Harm     .   (no cloak)
rCorr    .         Rampage  .   (no gloves)
Will     .....                  (no boots)
Stlth    ..........             (no amulet)
HPRegen  0.09/turn              (no ring)
MPRegen  0.20/turn              (no ring)

@: no status effects
A: horns 1, magic regeneration
a: no special abilities


You were on level 2 of the Dungeon.
You visited 1 branch of the dungeon, and saw 2 of its levels.

You collected 94 gold pieces.

Inventory:

Hand Weapons
 a - a +1 spear of flaming (weapon)
Missiles
 c - 63 arrows
 e - 29 stones (quivered)
Armour
 f - a +0 chain mail (worn)
Potions
 b - a potion of haste
 d - a potion of cancellation {unknown}


   Skills:
 * Level 2.6 Fighting
 * Level 0.9 Armour
 * Level 1.3 Dodging
 - Level 1.7 Stealth
 - Level 1.0 Shields
 - Level 3.0 Spellcasting
 - Level 2.0 Summonings


You had 8 spell levels left.
You didn't know any spells.
Your spell library contained the following spells:

 Spells                   Type           Power        Failure   Level
 Call Imp                 Summ           6%           99%         2
 Magic Dart               Conj           4%           100%        1
 Shock                    Conj/Air       4%           100%        1
 Sting                    Tmut/Pois      4%           100%        1
 Blink                    Tloc           N/A          100%        2
 Slow                     Hex            1%           100%        2
 Conjure Flame            Conj/Fire      1%           100%        3
 Ignite Poison            Fire/Tmut/Pois 1%           100%        3
 Mephitic Cloud           Conj/Pois/Air  1%           100%        3
 Static Discharge         Conj/Air       1%           100%        3


Dungeon Overview and Level Annotations

Branches:
Dungeon (2/15)

Altars:


Innate Abilities, Weirdness & Mutations

You have a pair of small horns on your head.
You regenerate magic rapidly.


Message History

Found a flail.
No target in view!
You now have 77 gold pieces (gained 14).
A frilled lizard comes into view.
The frilled lizard hisses angrily.
Found a leather armour.
You reach to attack!
You hit the frilled lizard but do no damage.
You closely miss the frilled lizard.
Your headbutt misses the frilled lizard.
The frilled lizard bites you but does no damage.
You hit the frilled lizard. You burn the frilled lizard.
You kill the frilled lizard!
No target in view!
No target in view!
No target in view!
No target in view!
No target in view!
No target in view!
No target in view!
No target in view!
No target in view!
No target in view!
No target in view!
You see here a +0 leather armour.
You now have 83 gold pieces (gained 6).
You now have 94 gold pieces (gained 11).
You open the door.
There is an open door here.
A bat comes into view.
The bat hits you but does no damage.
You hit the bat. You burn the bat.
You kill the bat!
You have reached level 3!
Your experience leads to an increase in your attributes!
Increase (s)trength, (i)ntelligence, or (d)exterity?
You feel agile.
Your demonic ancestry asserts itself...
Your magic begins to regenerate rapidly.
A rat comes into view.
Are you sure you want to abandon this character and quit the game? (Confirm with "yes".)

#......[...
#........).
#.......... ######
####'#####. <
#....# #.# #. ...
#....# #.# ##
....#
#....######.# #
#....+...........#
# #.@...######## #
#.##### #. #. #r
#. .. #.


You could see a rat.

Vanquished Creatures
  An ooze (D:1)
  2 dart slugs (D:1)
  A leopard gecko (D:1)
  5 goblins
  2 hobgoblins (D:1)
  4 bats
  A frilled lizard (D:2)
  A kobold (D:1)
  4 rats (D:1)
21 creatures vanquished.

Notes
Turn   | Place    | Note
-------+----------+-------------------------------------------
     0 | D:1      | Chiseanne the Demonspawn Wanderer began the quest for the
                  | Orb.
     0 | D:1      | Chiseanne set off with the following items: a +0 club, a +0
                  | robe, a +0 dagger; and the following spells available to
                  | memorise: Call Imp, Magic Dart, Shock, Sting, Blink, Slow,
                  | Conjure Flame, Ignite Poison, Mephitic Cloud, Static
                  | Discharge
     0 | D:1      | Reached XP level 1. HP: 16/16 MP: 4/4
   373 | D:1      | Gained mutation: You have a pair of small horns on your
                  | head. [demonic ancestry]
   373 | D:1      | Reached XP level 2. HP: 23/23 MP: 6/6
   408 | D:1      | Reached skill level 1 in Dodging
  1287 | D:2      | Gained mutation: You regenerate magic rapidly. [demonic
                  | ancestry]
  1287 | D:2      | Reached XP level 3. HP: 28/28 MP: 7/7
  1297 | D:2      | Quit the game

Illustrated notes

Levels and vault maps discovered:
D:1:      denvon_arrival_planthouse, layout_basic, minivault_23,
          minmay_hexomino_f4
D:2:      layout_basic, chequers_ecumenical_altar_twisty, interstate_on_off

Skill      XL: |  1  2 |
---------------+-------+-----
Dodging        | 1 |  1.3
Fighting       | |  2.6
Armour         | |  0.9
Stealth        | |  1.7
Shields        | |  1.0
Spellcasting   | |  3.0
Summonings     | |  2.0

Action                   || total
-------------------------++-------
Melee: Club              ||    53
       Spear             ||    23
       Headbutt          ||     2
  Use: Scroll            ||     2
 Stab: Sleeping          ||     1
Armor: Chain mail        ||    47
       Robe              ||     2
Dodge: Dodged            ||    38

Table legend: (Time is in decaauts)
 A = Elapsed time spent in this place.
 B = Non-inter-level travel time spent in this place.
 C = Inter-level travel time spent in this place.
 D = Time resting spent in this place.
 E = Time spent auto-exploring this place.
 F = Levels seen in this place.
 G = Mean time per level.
                   A        B        C        D        E       F      G
               +--------+--------+--------+--------+--------+-----+--------+
         Total |   1314 |   1288 |     26 |      0 |   1105 |   2 |  657.0 |
       Dungeon |   1314 |   1288 |     26 |      0 |   1105 |   2 |  657.0 |
               +--------+--------+--------+--------+--------+-----+--------+

Top non-repeatable levels by time:
     D:1: 1224 daAuts
     D:2: 90 daAuts
